 Dungeon Crawl Stone Soup version 0.23.2-1-ga50397a (webtiles) character file.

Game seed: 12158582374003577151

1501 Kairos the Grappler (level 8, -2/67 HPs)
             Began as a Ghoul Monk on Apr 22, 2019.
             Slain by a wight
             ... wielding a cursed +3 halberd
              (10 damage)
             ... on level 6 of the Dungeon.
             The game lasted 00:15:38 (4514 turns).

Kairos the Grappler (Ghoul Monk)                    Turns: 4514, Time: 00:15:39

Health: -2/67      AC:  5    Str: 22    XL:     8   Next: 81%
Magic:  0/7        EV: 14    Int:  5    God:
Gold:   329        SH:  0    Dex: 15    Spells: 7/7 levels left

rFire    . . .     SeeInvis .     - Unarmed
rCold    + . .     Gourm    .   (no shield)
rNeg     + + +     Faith    .   w - +1 leather armour of Autotheism {MR+ Slay+2}
rPois    ∞         Spirit   +   k - +0 helmet
rElec    .         Reflect  .   B - scarf {Spirit}
rCorr    .         Harm     .   (no gloves)
MR       +....                  (no boots)
Stlth    +++.......             (no amulet)
HPRegen  0.00/turn              l - +4 ring of dexterity
MPRegen  0.10/turn              g - +5 ring of strength

@: rotting
A: rotting body, claws 1, carnivore, cold resistance 1, negative energy
resistance 3, inhibited regeneration, torment resistance, unbreathing
a: no special abilities


You were on level 6 of the Dungeon.
You were not hungry.

You visited 1 branch of the dungeon, and saw 6 of its levels.

You collected 329 gold pieces.

Inventory:

Hand Weapons
 c - a +0 quarterstaff
 t - a +2 spear of freezing
 D - a +1 dagger of flaming
Missiles
 y - 9 tomahawks (quivered)
 C - a throwing net
Armour
 k - a +0 helmet (worn)
 w - the +1 leather armour of Autotheism (worn) {MR+ Slay+2}
   (You found it on level 4 of the Dungeon)

   It affects your accuracy and damage with ranged weapons and melee attacks
   (+2).
   It affects your resistance to hostile enchantments.
 x - the cursed +0 plate armour of Action {+Fly rPois rF+ Int+2 Dex+2}
   (You took it off an orc warrior on level 4 of the Dungeon)

   It affects your intelligence (+2).
   It affects your dexterity (+2).
   It protects you from fire.
   It protects you from poison.
   It lets you fly.
   It has a curse placed upon it.
 z - the +5 chain mail of Becubis {*Drain rElec Dex-4 SInv}
   (You took it off an orc on level 4 of the Dungeon)

   It affects your dexterity (-4).
   It insulates you from electricity.
   It lets you see invisible.
   It causes draining when unequipped.
 A - a +0 ring mail of magic resistance
 B - a scarf of spirit shield (worn)
Jewellery
 g - a +5 ring of strength (right claw)
 l - a +4 ring of dexterity (left claw)
Wands
 e - a wand of acid (12)
 j - a wand of polymorph (2)
 E - a wand of flame (15)
Scrolls
 d - 4 scrolls of remove curse
 f - 3 scrolls of enchant armour
 i - a scroll of enchant weapon
 m - 3 scrolls of immolation
 n - a scroll of amnesia
 o - a scroll of fear {unknown}
 p - a scroll of teleportation
 r - a scroll of fog {unknown}
Potions
 h - 2 potions of cancellation
 q - a potion of flight
 s - a potion of haste
 u - 2 potions of curing {unknown}
 v - 2 potions of heal wounds
Comestibles
 a - 7 chunks of flesh
 b - 8 rations


   Skills:
 + Level 4.3 Fighting
 + Level 0.3 Throwing
 + Level 3.0 Armour
 + Level 3.9 Dodging
 + Level 5.2 Stealth
 * Level 9.4 Unarmed Combat
 + Level 0.6 Evocations


You had 7 spell levels left.
You didn't know any spells.
Your spell library was empty.

Dungeon Overview and Level Annotations

Branches:
Dungeon (6/15)
 Temple: D:4-7

Altars:
Ru
Beogh


Innate Abilities, Weirdness & Mutations

Your body is rotting away.
You thrive on raw meat.
You are immune to poison.
You have sharp fingernails.
You are carnivorous and can eat meat at any time.
Your flesh is cold resistant. (rC+)
You are immune to negative energy. (rN+++)
You do not regenerate when monsters are visible.
You are immune to unholy pain and torment.
You can survive without breathing.


Message History

You are too injured to fight recklessly!
You are too injured to fight recklessly!
You are too injured to fight recklessly!
You scratch the gnoll shaman.
You kill the gnoll shaman!
Your Armour skill increases to level 3!
You barely miss the gnoll. The wight barely misses you.
You claw the gnoll!
You kill the gnoll!
The wight hits you from afar with a cursed +3 halberd!
* * * LOW HITPOINT WARNING * * *
A gnoll comes into view. It is wielding a +0 club.
You claw the gnoll!
The gnoll is almost dead.
The gnoll barely misses you.
A gnoll comes into view. It is wielding a +0 club.
The gnoll hits you with a +0 club!
* * * LOW HITPOINT WARNING * * *
The wight hits you from afar with a cursed +3 halberd!
You die...

#............#
#............#
#............#
#............#
######............#
....zg.g..........#
......##z###......#
..... #.g.)#......#
...g #...@'......#
... #...(#......#
## #....#......#
#.)..#......#
#####....#.[....#
#..<#....#......#
#...#....#......#
#..#######......#
#..##....#......#


You could see a wight and 2 gnolls.

Vanquished Creatures
  Sigmund (D:2)
  The ghost of MovingMist the Skirmisher, an amateur GrFi (D:4)
  An ice beast (D:5)
  An orc warrior (D:4)
  2 centaurs
  A bullfrog (D:6)
  A scorpion (D:4)
  3 wights (D:6)
  3 orc priests
  A jelly (D:4)
  A gnoll shaman (D:6)
  2 orc wizards (D:4)
  A bullfrog skeleton (D:4)
  A centaur skeleton (D:4)
  4 iguanas
  9 gnolls
  7 adders
  An ooze (D:2)
  2 adder skeletons (D:4)
  A dart slug (D:1)
  2 leopard geckos
  19 orcs
  A ball python (D:1)
  4 giant cockroaches
  6 goblins
  6 hobgoblins
  3 jackals (D:3)
  9 kobolds
  4 quokkas
  7 bats
  4 frilled lizards
  A leopard gecko skeleton (D:3)
  A quokka zombie (D:5)
  6 rats
117 creatures vanquished.

Notes
Turn   | Place    | Note
-------+----------+-------------------------------------------
     0 | D:1      | Kairos the Ghoul Monk began the quest for the Orb.
     0 | D:1      | Reached XP level 1. HP: 19/19 MP: 0/0
    93 | D:1      | Reached XP level 2. HP: 23/26 MP: 1/1
   749 | D:2      | Reached XP level 3. HP: 28/29 MP: 2/2
   961 | D:2      | Reached skill level 4 in Unarmed Combat
  1074 | D:2      | Noticed Sigmund
  1099 | D:2      | Killed Sigmund
  1099 | D:2      | Reached skill level 1 in Armour
  1099 | D:2      | Reached skill level 5 in Unarmed Combat
  1099 | D:2      | Reached XP level 4. HP: 12/38 MP: 3/3
  1099 | D:2      | Reached XP level 5. HP: 14/44 MP: 4/4
  1461 | D:2      | Reached XP level 6. HP: 45/49 MP: 5/5
  2446 | D:4      | Noticed Edmund
  2715 | D:4      | Reached skill level 6 in Unarmed Combat
  2872 | D:4      | Noticed Edmund
  2872 | D:4      | Edmund changed into Edmund the jelly
  2878 | D:4      | Killed Edmund the jelly
  3057 | D:4      | Got an ancient leather armour
  3068 | D:4      | Identified the +1 leather armour of Autotheism {MR+ Slay+2}
                  | (You found it on level 4 of the Dungeon)
  3093 | D:4      | Identified the +5 chain mail of Becubis {*Drain rElec Dex-4
                  | SInv}
  3094 | D:4      | Found a runed translucent gate.
  3094 | D:4      | Found a runed translucent gate.
  3095 | D:4      | Found a runed translucent gate.
  3096 | D:4      | Found a roughly hewn altar of Beogh.
  3096 | D:4      | Identified the cursed +0 plate armour of Action {+Fly rPois
                  | rF+ Int+2 Dex+2}
  3096 | D:4      | Noticed an orc warrior
  3102 | D:4      | Noticed MovingMist's ghost (amateur GrFi)
  3123 | D:4      | Reached XP level 7. HP: 43/58 MP: 6/6
  3486 | D:4      | Killed MovingMist's ghost
  3486 | D:4      | Reached skill level 7 in Unarmed Combat
  3890 | D:5      | Entered Level 5 of the Dungeon
  3892 | D:5      | Reached XP level 8. HP: 66/66 MP: 5/7
  3913 | D:5      | Reached skill level 8 in Unarmed Combat
  4304 | D:5      | Found a sacrificial altar of Ru.
  4440 | D:6      | Reached skill level 5 in Stealth
  4468 | D:6      | Reached skill level 9 in Unarmed Combat
  4514 | D:6      | Slain by a wight

Skill      XL: |  1  2  3  4  5  6  7  8 |
---------------+-------------------------+-----
Dodging        | 3 |  3.9
Unarmed Combat | 5 6 7 9 |  9.4
Armour         | 1 2 3 |  3.0
Stealth        | 3 4 5 |  5.2
Fighting       | 4 |  4.3
Throwing       | |  0.3
Evocations     | |  0.6

Action                   |  1- 3 |  4- 6 |  7- 9 || total
-------------------------+-------+-------+-------++-------
Melee: Unarmed           |    83 |   116 |   146 ||   345
       Punch             |       |     5 |     7 ||    12
Throw: Tomahawk          |       |       |     3 ||     3
Evoke: Wand              |       |     4 |     5 ||     9
  Use: Potion            |     4 |     1 |       ||     5
       Scroll            |       |     7 |     2 ||     9
 Stab: Sleeping          |     5 |     6 |     4 ||    15
       Distracted        |       |       |     2 ||     2
  Eat: Chunk             |       |     8 |    16 ||    24
       Ration            |       |       |     1 ||     1
Armor: Leather armour    |     9 |    27 |    28 ||    64
       Robe              |     3 |       |       ||     3
Dodge: Dodged            |    44 |    47 |    85 ||   176
